 Dungeon Crawl Stone Soup version 0.16-a0-3843-ged98c6c (webtiles) character file.

2655 timbw the Cleaver (level 9, 0/72 HPs)
             Began as a Vine Stalker Berserker on Jan 30, 2015.
             Was a Believer of Trog.
             Succumbed to a killer bee's poison
             ... on level 10 of the Dungeon.
             The game lasted 00:11:58 (1878 turns).

timbw the Cleaver (Vine Stalker Berserker)          Turns: 1878, Time: 00:11:59

Health: 0/72       AC:  9    Str: 24    XL:     9   Next: 62%
Magic:  6/12       EV:  9    Int:  7    God:    Trog [**....]
Gold:   120        SH:  0    Dex: 18    Spells: 0 memorised, 8 levels left

rFire  . . .     SeeInvis .     u - +0 battleaxe
rCold  . . .     Clarity  .     n - +0 chain mail
rNeg   + . .     SustAb   .     (no shield)
rPois  .         Gourm    .     (no helmet)
rElec  .         Spirit   +     (no cloak)
rCorr  .         Warding  .     h - +0 pair of gloves
rMut   .         Stasis   .     (no boots)
MR     +....                    (no amulet)
Stlth  ..........               q - ring of positive energy (curse)
                                g - ring of loudness

@: berserking (expiring), lethally poisoned, very quick, somewhat resistant to
hostile enchantments, extremely unstealthy
A: fangs 3, regeneration 2, magic shield, antimagic bite, no device heal 3, rot
immunity
a: Burn Spellbooks, Berserk, Trog's Hand, Renounce Religion


You were on level 10 of the Dungeon.
You worshipped Trog.
Trog was pleased with you.
You were not hungry.

You visited 1 branch of the dungeon, and saw 11 of its levels.

You collected 120 gold pieces.

Inventory:

Hand weapons
 a - a +0 hand axe
 u - a +0 battleaxe (weapon)
Armour
 b - a +0 animal skin
 h - a +0 pair of gloves (worn)
 n - a +0 chain mail (worn)
Jewellery
 f - an uncursed amulet of stasis
 g - a ring of loudness (left hand)
 q - a cursed ring of positive energy (right hand)
Magical devices
 t - a wand of slowing (31)
 A - a wand of enslavement (7)
Scrolls
 i - 4 scrolls of teleportation
 l - a scroll of immolation
 m - a scroll of remove curse
 s - a scroll of identify
 v - a scroll of random uselessness
 y - a scroll of recharging
Potions
 e - 6 potions of agility
 j - a potion of lignification
 p - a potion of might
 r - a potion of heal wounds {unknown}
 w - a potion of poison {unknown}
 x - a potion of restore abilities {unknown}
 z - a potion of haste {unknown}
Comestibles
 c - 6 bread rations
 d - a fruit
 o - 4 royal jellies


   Skills:
 + Level 6.2 Fighting
 * Level 10.6 Axes
 - Level 1.5 Armour
 - Level 1.5 Dodging


You had 8 spell levels left.
You didn't know any spells.

Dungeon Overview and Level Annotations

Branches:
Dungeon (11/15)
 Temple: D:4-7         Lair: D:8-11         Orc: D:9-12

Altars:
Dithmenos
Elyvilon
Fedhas
Nemelex Xobeh

Annotations:
D:9 runed door


Innate Abilities, Weirdness & Mutations

You have razor-sharp teeth.
You heal very quickly.
When hurt, damage is shared between your health and your magic reserves.
Your bite disrupts and absorbs the magic of your enemies.
Potions and wands cannot restore your health.
You are immune to rotting.


Message History

You barely miss the killer bee.
The killer bee is moderately wounded.
* * * LOW HITPOINT WARNING * * *
You feel sick.
The killer bee stings you but does no damage.
You miss the killer bee. Your bite misses the killer bee.
The killer bee is moderately wounded.
* * * LOW HITPOINT WARNING * * *
You feel sick. The killer bee stings you.
* * * LOW HITPOINT WARNING * * *
The killer bee barely misses you.
Unknown command.
You miss the killer bee. Your bite misses the killer bee.
The killer bee is moderately wounded.
* * * LOW HITPOINT WARNING * * *
You feel sick. The killer bee barely misses you.
Unknown command.
You slash the killer bee!
The killer bee is almost dead.
You die...

.......#'##.....##+##...#
...........####.....#...#
...####....# #.....+...#
### #....# #.....#...#
#....# #.....#'### #....#
#.........# #........#
##........# #........#
#.†......# #........#
#@.......# #........#
#y.......# #........#
#........# ##########
##########


You could see a killer bee.

Vanquished Creatures
  2 trolls
  A trapdoor spider (D:9)
  A golden eye (shapeshifter) (D:10)
  A hungry ghost (D:9)
  Menkaure (D:6)
  A phantom (D:5)
  A sky beast (D:5)
  An ice beast (D:8)
  An orc warrior (D:8)
  An ogre (D:9)
  A centaur (D:9)
  Sigmund (D:4)
  2 giant frogs
  2 jellies
  5 killer bees
  The ghost of timbw the Chopper, a weakling HuBe of Trog (D:4)
  A goliath beetle (D:6)
  A spriggan skeleton (D:9)
  A centaur zombie (D:6)
  A wasp zombie (D:7)
  3 orc wizards
  A centaur skeleton (D:9)
  2 orc priests
  An iguana (D:4)
  A gnoll shaman (D:6)
  2 worker ants
  2 killer bee zombies
  A mummy (D:8)
  A worker ant zombie (D:8)
  2 adders
  A shadow imp (D:9)
  6 gnolls (D:6)
  A worm (D:2)
  An adder skeleton (D:7)
  2 giant geckos
  7 orcs
  A bat skeleton (D:7)
  2 goblins
  A hobgoblin (D:3)
  6 kobolds
  A quokka (D:4)
  4 bats
  2 giant gecko skeletons
  A giant newt (D:2)
  A quokka zombie (D:9)
  4 rats
  3 ballistomycetes (D:8)
87 creatures vanquished.

Vanquished Creatures (others)
  An ogre (D:8)
  A worker ant (D:9)
  An orc wizard (D:8)
  An orc (D:8)
  A giant spore (D:8)
5 creatures vanquished.

Grand Total: 92 creatures vanquished

Notes
Turn   | Place    | Note
--------------------------------------------------------------
     0 | D:1      | timbw, the Vine Stalker Berserker, began the quest for the Orb.
     0 | D:1      | Reached XP level 1. HP: 11/11 MP: 1/1
    58 | D:2      | Found a shadowy altar of Dithmenos.
    70 | D:2      | Reached skill level 3 in Axes
    84 | D:2      | Reached XP level 2. HP: 13/16 MP: 3/3
   111 | D:2      | Reached XP level 3. HP: 19/19 MP: 4/4
   203 | D:4      | Noticed Sigmund
   208 | D:4      | Noticed timbw's ghost (weakling HuBe)
   213 | D:4      | Killed Sigmund
   213 | D:4      | Reached skill level 4 in Axes
   213 | D:4      | Reached XP level 4. HP: 23/23 MP: 5/5
   214 | D:4      | Killed timbw's ghost
   214 | D:4      | Reached skill level 5 in Axes
   214 | D:4      | Reached XP level 5. HP: 27/27 MP: 7/7
   248 | D:4      | Acquired Trog's second power
   389 | D:5      | Entered Level 5 of the Dungeon
   453 | D:5      | Reached skill level 6 in Axes
   453 | D:5      | Gained mutation: You heal very quickly. [vine stalker growth]
   453 | D:5      | Reached XP level 6. HP: 16/32 MP: 8/8
   454 | D:5      | Noticed a sky beast
   500 | D:5      | Killed a sky beast
   578 | D:5      | Found a blossoming altar of Fedhas.
   597 | D:5      | Noticed a phantom
   662 | D:5      | Killed a phantom
   662 | D:5      | Reached skill level 7 in Axes
   662 | D:5      | Reached XP level 7. HP: 15/36 MP: 6/9
   762 | D:6      | Noticed Menkaure
   771 | D:6      | Killed Menkaure
   982 | D:7      | Reached skill level 8 in Axes
  1003 | D:7      | Gained mutation: You have razor-sharp teeth. [vine stalker growth]
  1003 | D:7      | Reached XP level 8. HP: 15/42 MP: 8/11
  1353 | D:9      | Found a white marble altar of Elyvilon.
  1357 | D:9      | Noticed a troll
  1391 | D:9      | Killed a troll
  1391 | D:9      | Reached skill level 5 in Fighting
  1391 | D:9      | Reached skill level 9 in Axes
  1499 | D:9      | Reached XP level 9. HP: 47/47 MP: 12/12
  1500 | D:9      | Found a runed door.
  1583 | D:9      | Found a sparkling altar of Nemelex Xobeh.
  1607 | D:9      | Reached skill level 10 in Axes
  1647 | D:10     | Entered Level 10 of the Dungeon
  1734 | D:10     | Noticed a fire drake
  1736 | D:10     | a fire drake changed into a water moccasin
  1875 | D:10     | HP: 3/72 [poisoned by a killer bee]
  1877 | D:10     | HP: 1/72 [poisoned by a killer bee]
  1878 | D:10     | Succumbed to a killer bee's poison

Action                   |  1- 3 |  4- 6 |  7- 9 || total
-------------------------+-------+-------+-------++-------
Melee: Hand axe          |    37 |    81 |    51 ||   169
       Battleaxe         |       |       |   152 ||   152
Invok: Berserk           |     2 |     2 |     5 ||     9
       Trog's Hand       |       |     4 |     3 ||     7
  Use: Scroll            |     1 |     1 |    12 ||    14
  Eat: Chunk             |       |     3 |     8 ||    11
       Fruit             |       |     1 |     3 ||     4
